| TOP OF THE 1ST |
|
Pawtucket Red Sox batting - Pitching for Omaha Storm Chasers : RHP Skyler Webster
|
|
Pitching: RHP Skyler Webster
|
|
|
Batting: RHB Mike Quackenbush
|
0-0: Ground out 5-3 (Groundball, 56S, EV 86.3 MPH)
|
|
Batting: RHB Scott Treider
|
0-0: Ball 1-0: Ball 2-0: Called Strike 2-1: Swinging Strike 2-2: Foul Ball, location: 2F 2-2: Ball 3-2: Foul Ball, location: 2F 3-2: Foul Ball, location: 2F 3-2: Foul Ball, location: 2F 3-2: Foul Ball, location: 2F 3-2: SINGLE (Line Drive, 7S, EV 100.0 MPH)
|
|
Batting: SHB Marvin Lawrence
|
0-0: Grounds into double play, 4-6-3 (Groundball, 34, EV 86.9 MPH)
|
| Top of the 1st over - 0 runs, 1 hit, 0 errors, 0 left on base; Pawtucket 0 - Omaha 0 |
| BOTTOM OF THE 1ST |
|
Omaha Storm Chasers batting - Pitching for Pawtucket Red Sox : RHP J.J. Dean
|
|
Pitching: RHP J.J. Dean
|
|
|
Batting: RHB Alberto Rosales
|
0-0: Ball 1-0: Swinging Strike 1-1: Foul Ball, location: 2F 1-2: Fly out, F8 (Flyball, 8RXD, EV 79.4 MPH)
|
|
Batting: LHB Bill Baconneck
|
0-0: Called Strike 0-1: SINGLE (Groundball, 25, EV 91.3 MPH) (infield hit)
|
|
Batting: LHB Roman Downey
|
0-0: SINGLE (Groundball, 4D, EV 100.6 MPH) Bill Baconneck to second
|
|
Batting: LHB Justin Rupert
|
0-0: Foul Ball, location: 2F 0-1: Ball 1-1: Ball 2-1: Ball 3-1: Base on Balls Bill Baconneck to third Roman Downey to second
|
|
Batting: RHB Chris Cooper
|
0-0: Ball 1-0: Called Strike 1-1: Ball 2-1: Grounds into double play, 5-4-3 (Groundball, 56S, EV 85.0 MPH)
|
| Bottom of the 1st over - 0 runs, 2 hits, 0 errors, 2 left on base; Pawtucket 0 - Omaha 0 |
| TOP OF THE 2ND |
|
Pawtucket Red Sox batting - Pitching for Omaha Storm Chasers : RHP Skyler Webster
|
|
Batting: RHB Marty King
|
0-0: SOLO HOME RUN (Line Drive, 7LD, EV 90.6 MPH), Distance : 347 ft
|
|
Batting: SHB Ben Ervin
|
0-0: Ball 1-0: Called Strike 1-1: Ball 2-1: Ball 3-1: Base on Balls
|
|
Batting: LHB Mike Mentzer
|
0-0: DOUBLE (Flyball, 8LXD, EV 111.9 MPH) Ben Ervin to third
|
|
Batting: RHB Brandon Perris
|
0-0: SINGLE (Groundball, 56D, EV 102.5 MPH) Ben Ervin scores Mike Mentzer to third Runner from 3rd tries for Home, SAFE, throw by LF to home
|
|
Batting: RHB Xavier Joslin
|
0-0: Ball 1-0: Swinging Strike 1-1: Foul Ball, location: 2F 1-2: Foul Ball, location: 2F 1-2: Ball 2-2: Foul Ball, location: 2F 2-2: Fly out, F8 (Flyball, 89D, EV 91.9 MPH)
|
|
Batting: LHB Noel Wilson
|
0-0: Called Strike 0-1: Fly out, F1 (Line Drive, P, EV 66.9 MPH)
|
|
Batting: RHB Mike Quackenbush
|
0-0: Ball 1-0: Foul Ball, location: 2F 1-1: Foul Ball, location: 2F 1-2: Strikes out swinging
|
| Top of the 2nd over - 3 runs, 3 hits, 0 errors, 1 left on base; Pawtucket 3 - Omaha 0 |
| BOTTOM OF THE 2ND |
|
Omaha Storm Chasers batting - Pitching for Pawtucket Red Sox : RHP J.J. Dean
|
|
Batting: RHB Mikolas Markus
|
0-0: Foul Ball, location: 2F 0-1: Ball 1-1: Foul Ball, location: 2F 1-2: Ball 2-2: Foul Ball, location: 2F 2-2: Foul Ball, location: 2F 2-2: Ground out 6-3 (Groundball, 6, EV 104.4 MPH)
|
|
Batting: RHB Eric Sandell
|
0-0: Ball 1-0: Ball 2-0: Called Strike 2-1: Foul Ball, location: 2F 2-2: Ground out 5-3 (Groundball, 5, EV 101.9 MPH)
|
|
Batting: RHB Yuichi Takata
|
0-0: Ball 1-0: Swinging Strike 1-1: Ball 2-1: Swinging Strike 2-2: Foul Ball, location: 2F 2-2: Ball 3-2: Foul Ball, location: 2F 3-2: SINGLE (Groundball, 6MD, EV 97.5 MPH)
|
|
Batting: RHB Jerry Castillo
|
0-0: Called Strike 0-1: Called Strike 0-2: Fielders Choice at 2nd, 6-4 (Groundball, 6, EV 104.4 MPH)
|
| Bottom of the 2nd over - 0 runs, 1 hit, 0 errors, 1 left on base; Pawtucket 3 - Omaha 0 |
| TOP OF THE 3RD |
|
Pawtucket Red Sox batting - Pitching for Omaha Storm Chasers : RHP Skyler Webster
|
|
Batting: RHB Scott Treider
|
0-0: Called Strike 0-1: SOLO HOME RUN (Flyball, 9D, EV 97.5 MPH), Distance : 371 ft
|
|
Batting: SHB Marvin Lawrence
|
0-0: Ball 1-0: Called Strike 1-1: Ball 2-1: Ground out 4-3 (Groundball, 34D, EV 106.9 MPH)
|
|
Batting: RHB Marty King
|
0-0: Ball 1-0: Called Strike 1-1: Ball 2-1: Foul Ball, location: 2F 2-2: Fly out, F8 (Flyball, 89D, EV 100.0 MPH)
|
|
Batting: SHB Ben Ervin
|
0-0: Ball 1-0: Ground out 6-3 (Groundball, 6, EV 106.9 MPH)
|
| Top of the 3rd over - 1 run, 1 hit, 0 errors, 0 left on base; Pawtucket 4 - Omaha 0 |
| BOTTOM OF THE 3RD |
|
Omaha Storm Chasers batting - Pitching for Pawtucket Red Sox : RHP J.J. Dean
|
|
Batting: RHB Alberto Rosales
|
0-0: Ball 1-0: Called Strike 1-1: Foul Ball, location: 2F 1-2: Strikes out swinging
|
|
Batting: LHB Bill Baconneck
|
0-0: Fly out, F8 (Flyball, 8LM, EV 93.8 MPH)
|
|
Batting: LHB Roman Downey
|
0-0: Ball 1-0: Ball 2-0: Ball 3-0: Base on Balls
|
|
Batting: LHB Justin Rupert
|
0-0: Ball 1-0: Fly out, F7 (Flyball, 78M, EV 84.4 MPH)
|
| Bottom of the 3rd over - 0 runs, 0 hits, 0 errors, 1 left on base; Pawtucket 4 - Omaha 0 |
| TOP OF THE 4TH |
|
Pawtucket Red Sox batting - Pitching for Omaha Storm Chasers : RHP Skyler Webster
|
|
Batting: LHB Mike Mentzer
|
0-0: Ball 1-0: Swinging Strike 1-1: Foul Ball, location: 2F 1-2: Strikes out swinging
|
|
Batting: RHB Brandon Perris
|
0-0: Swinging Strike 0-1: Foul Ball, location: 2F 0-2: Ball 1-2: Strikes out swinging, 2-3 out at first.
|
|
Batting: RHB Xavier Joslin
|
0-0: Ball 1-0: Ball 2-0: Called Strike 2-1: Ball 3-1: Ground out 4-3 (Groundball, 34D, EV 110.0 MPH)
|
| Top of the 4th over - 0 runs, 0 hits, 0 errors, 0 left on base; Pawtucket 4 - Omaha 0 |
| BOTTOM OF THE 4TH |
|
Omaha Storm Chasers batting - Pitching for Pawtucket Red Sox : RHP J.J. Dean
|
|
Batting: RHB Chris Cooper
|
0-0: Foul Ball, location: 2F 0-1: Swinging Strike 0-2: Ball 1-2: Ball 2-2: SINGLE (Groundball, 56D, EV 106.3 MPH) (infield hit)
|
|
Batting: RHB Mikolas Markus
|
0-0: Ball 1-0: Swinging Strike 1-1: DOUBLE (Groundball, 5L, EV 103.1 MPH) Chris Cooper to third Runner from 3rd tries for Home, SAFE, throw by LF to home
|
|
Batting: RHB Eric Sandell
|
0-0: Foul Ball, location: 2F 0-1: TRIPLE (Flyball, 9LD, EV 101.9 MPH) Mikolas Markus scores
|
|
Batting: RHB Yuichi Takata
|
0-0: Ball 1-0: Ball 2-0: SINGLE (Groundball, 5S, EV 64.4 MPH) (infield hit) Eric Sandell scores
|
|
Batting: RHB Jerry Castillo
|
0-0: Called Strike 0-1: Foul Ball, location: 2F 0-2: Ball Yuichi Takata steals 2nd base 1-2: Ball 2-2: Ground out 5-3 (Groundball, 56S, EV 65.6 MPH) Yuichi Takata to third
|
|
Batting: RHB Alberto Rosales
|
0-0: Foul Ball, location: 2F 0-1: Ball 1-1: Foul Ball, location: 2F 1-2: Ball 2-2: Ground out 6-3 (Groundball, 6, EV 85.0 MPH) Yuichi Takata scores
|
|
Batting: LHB Bill Baconneck
|
0-0: Fly out, F4 (Popup, 34D, EV 51.3 MPH)
|
| Bottom of the 4th over - 4 runs, 4 hits, 0 errors, 0 left on base; Pawtucket 4 - Omaha 4 |
| TOP OF THE 5TH |
|
Pawtucket Red Sox batting - Pitching for Omaha Storm Chasers : RHP Skyler Webster
|
|
Batting: LHB Noel Wilson
|
0-0: Ball 1-0: Foul Ball, location: 2F 1-1: Foul Ball, location: 2F 1-2: Foul Ball, location: 2F 1-2: Ground out 4-3 (Groundball, 4, EV 93.1 MPH)
|
|
Batting: RHB Mike Quackenbush
|
0-0: Called Strike 0-1: Ball 1-1: Swinging Strike 1-2: Ball 2-2: Strikes out looking
|
|
Batting: RHB Scott Treider
|
0-0: Foul Ball, location: 2F 0-1: Foul Ball, location: 2F 0-2: Fly out, F9 (Flyball, 9, EV 86.3 MPH)
|
| Top of the 5th over - 0 runs, 0 hits, 0 errors, 0 left on base; Pawtucket 4 - Omaha 4 |
| BOTTOM OF THE 5TH |
|
Omaha Storm Chasers batting - Pitching for Pawtucket Red Sox : RHP J.J. Dean
|
|
Batting: LHB Roman Downey
|
0-0: Called Strike 0-1: Ball 1-1: Fly out, F8 (Flyball, 78D, EV 101.9 MPH)
|
|
Batting: LHB Justin Rupert
|
0-0: Ground out 6-3 (Groundball, 6, EV 88.8 MPH)
|
|
Batting: RHB Chris Cooper
|
0-0: Ball 1-0: Called Strike 1-1: Ball 2-1: Swinging Strike 2-2: Ball 3-2: SINGLE (Groundball, 4M, EV 98.8 MPH) (infield hit)
|
|
Batting: RHB Mikolas Markus
|
0-0: Foul Ball, location: 2F 0-1: Ball 1-1: Ball 2-1: Reached on error, E5 (Groundball, 56S, EV 94.4 MPH) Chris Cooper to second
|
|
Batting: RHB Eric Sandell
|
0-0: Foul Ball, location: 2F 0-1: Ball 1-1: Ball 2-1: Called Strike 2-2: Ball 3-2: Foul Ball, location: 2F 3-2: Foul Ball, location: 2F 3-2: Base on Balls Chris Cooper to third Mikolas Markus to second
|
|
Batting: RHB Yuichi Takata
|
0-0: Foul Ball, location: 2F 0-1: Swinging Strike 0-2: Fly out, F8 (Flyball, 8LD, EV 100.0 MPH)
|
| Bottom of the 5th over - 0 runs, 1 hit, 1 error, 3 left on base; Pawtucket 4 - Omaha 4 |
| TOP OF THE 6TH |
|
Pawtucket Red Sox batting - Pitching for Omaha Storm Chasers : RHP Skyler Webster
|
|
Batting: SHB Marvin Lawrence
|
0-0: Ground out 6-3 (Groundball, P, EV 85.0 MPH)
|
|
Batting: RHB Marty King
|
0-0: Called Strike 0-1: Ball 1-1: Swinging Strike 1-2: Foul Ball, location: 2F 1-2: Strikes out swinging
|
|
Batting: SHB Ben Ervin
|
0-0: Ball 1-0: Foul Ball, location: 2F 1-1: Foul Ball, location: 2F 1-2: Ground out 2-3 (Groundball, 2L, EV 64.4 MPH)
|
| Top of the 6th over - 0 runs, 0 hits, 0 errors, 0 left on base; Pawtucket 4 - Omaha 4 |
| BOTTOM OF THE 6TH |
|
Omaha Storm Chasers batting - Pitching for Pawtucket Red Sox : RHP J.J. Dean
|
|
Batting: RHB Jerry Castillo
|
0-0: Ball 1-0: Ball 2-0: Called Strike 2-1: Ground out 6-3 (Groundball, 6, EV 100.0 MPH)
|
|
Pitching: RHP Josh Weiser
|
|
|
Batting: RHB Alberto Rosales
|
0-0: Ball 1-0: Ball 2-0: Called Strike 2-1: Ball 3-1: Base on Balls
|
|
Batting: LHB Bill Baconneck
|
0-0: Ball 1-0: Ball 2-0: Ball 3-0: Called Strike 3-1: Grounds into double play, 4-6-3 (Groundball, 4, EV 86.3 MPH)
|
| Bottom of the 6th over - 0 runs, 0 hits, 0 errors, 0 left on base; Pawtucket 4 - Omaha 4 |
| TOP OF THE 7TH |
|
Pawtucket Red Sox batting - Pitching for Omaha Storm Chasers : RHP Skyler Webster
|
|
Batting: LHB Mike Mentzer
|
0-0: Called Strike 0-1: Ball 1-1: Foul Ball, location: 2F 1-2: Ball 2-2: Ball 3-2: Fly out, F3 (Popup, 34S, EV 74.4 MPH)
|
|
Batting: RHB Brandon Perris
|
0-0: Ball 1-0: Called Strike 1-1: Foul Ball, location: 2F 1-2: Ball 2-2: Foul Ball, location: 2F 2-2: Foul Ball, location: 2F 2-2: Ball 3-2: Foul Ball, location: 2F 3-2: Base on Balls
|
|
Batting: RHB Xavier Joslin
|
0-0: Ball 1-0: Fly out, F9 (Line Drive, 9, EV 106.9 MPH)
|
|
Batting: LHB Noel Wilson
|
0-0: Ball 1-0: Called Strike 1-1: Ball 2-1: Foul Ball, location: 2F 2-2: Fielders Choice at 2nd, 6-4 (Groundball, 6, EV 83.8 MPH)
|
| Top of the 7th over - 0 runs, 0 hits, 0 errors, 1 left on base; Pawtucket 4 - Omaha 4 |
| BOTTOM OF THE 7TH |
|
Omaha Storm Chasers batting - Pitching for Pawtucket Red Sox : RHP Josh Weiser
|
|
Pitching: LHP Jon Green
|
|
|
Batting: LHB Roman Downey
|
0-0: Foul Ball, location: 2F 0-1: Called Strike 0-2: Ball 1-2: Foul Ball, location: 2F 1-2: Ground out 4-3 (Groundball, 4D, EV 101.3 MPH)
|
|
Pinch Hitting: RHB Muneer Maudad
|
0-0: Called Strike 0-1: Ball 1-1: Ball 2-1: SINGLE (Flyball, 4MD, EV 97.5 MPH)
|
|
Pitching: RHP John McLeod
|
|
|
Batting: RHB Chris Cooper
|
0-0: Ball 1-0: Ball 2-0: Called Strike 2-1: Ball 3-1: Foul Ball, location: 2F 3-2: Foul Ball, location: 2F 3-2: Base on Balls Muneer Maudad to second
|
|
Pinch Runner at 2nd Aaron Moore:
|
|
|
Pinch Hitting: LHB Frank Hill
|
0-0: Swinging Strike 0-1: Foul Ball, location: 2F 0-2: Ball 1-2: Foul Ball, location: 2F 1-2: Strikes out looking
|
|
Batting: RHB Eric Sandell
|
0-0: Swinging Strike 0-1: Ball 1-1: DOUBLE (Line Drive, 7LD, EV 106.9 MPH) Aaron Moore scores Chris Cooper to third Runner from 3rd tries for Home, SAFE, no throw by LF
|
|
Batting: RHB Yuichi Takata
|
0-0: TRIPLE (Line Drive, 78XD, EV 102.5 MPH) Eric Sandell scores
|
|
Batting: RHB Jerry Castillo
|
0-0: Ball 1-0: Foul Ball, location: 2F 1-1: Foul Ball, location: 2F 1-2: Ground out 4-3 (Groundball, 4S, EV 90.0 MPH)
|
| Bottom of the 7th over - 3 runs, 3 hits, 0 errors, 1 left on base; Pawtucket 4 - Omaha 7 |
| TOP OF THE 8TH |
|
Pawtucket Red Sox batting - Pitching for Omaha Storm Chasers : RHP Skyler Webster
|
|
Pitching: RHP Joe Jordahl
|
|
|
Now at 1B: Gary Horgan
|
|
|
Now at 3B: Mike Batko
|
|
|
Now in LF: Chris Cooper
|
|
|
Now in CF: Ruben Serrata
|
|
|
Batting: RHB Mike Quackenbush
|
0-0: Ball 1-0: Ball 2-0: Ball 3-0: Ground out 4-3 (Groundball, 4S, EV 86.3 MPH)
|
|
Batting: RHB Scott Treider
|
0-0: Ball 1-0: Ball 2-0: Ball 3-0: Base on Balls
|
|
Batting: SHB Marvin Lawrence
|
0-0: Foul Ball, location: 2F 0-1: Foul Ball, location: 2F 0-2: Fly out, F8 (Flyball, 78D, EV 98.8 MPH)
|
|
Batting: RHB Marty King
|
0-0: Called Strike 0-1: Foul Ball, location: 2F 0-2: Strikes out looking
|
| Top of the 8th over - 0 runs, 0 hits, 0 errors, 1 left on base; Pawtucket 4 - Omaha 7 |
| BOTTOM OF THE 8TH |
|
Omaha Storm Chasers batting - Pitching for Pawtucket Red Sox : RHP John McLeod
|
|
Pitching: RHP Paul Carter
|
|
|
Batting: RHB Mike Batko
|
0-0: Swinging Strike 0-1: Swinging Strike 0-2: Ball 1-2: Strikes out looking
|
|
Batting: LHB Bill Baconneck
|
0-0: Ball 1-0: Ball 2-0: Ground out U3 (Groundball, 3L, EV 79.4 MPH)
|
|
Batting: LHB Roman Downey
|
0-0: Ball 1-0: Ground out 4-3 (Groundball, 34, EV 86.3 MPH)
|
| Bottom of the 8th over - 0 runs, 0 hits, 0 errors, 0 left on base; Pawtucket 4 - Omaha 7 |
| TOP OF THE 9TH |
|
Pawtucket Red Sox batting - Pitching for Omaha Storm Chasers : RHP Joe Jordahl
|
|
Pitching: RHP Nick Harmon
|
|
|
Batting: SHB Ben Ervin
|
0-0: Ground out 1-3 (Groundball, 15S, EV 71.3 MPH)
|
|
Batting: LHB Mike Mentzer
|
0-0: Ball 1-0: Called Strike 1-1: Ball 2-1: Ball 3-1: Swinging Strike 3-2: Fly out, F8 (Flyball, 78D, EV 109.4 MPH)
|
|
Batting: RHB Brandon Perris
|
0-0: Called Strike 0-1: Ball 1-1: Ball 2-1: Fly out, F4 (Flyball, 4D, EV 81.9 MPH)
|
| Top of the 9th over - 0 runs, 0 hits, 0 errors, 0 left on base; Pawtucket 4 - Omaha 7 |
|